 Dungeon Crawl Stone Soup version 0.29.0-4-gdea44cf6ec (webtiles) character file.

Game seed: 6520353157658536358

23255 qw the Brawler (level 12, 0/114 HPs)
             Began as a Troll Cinder Acolyte on Sept 3, 2022.
             Was an Elder of Okawaru.
             Killed by divine providence
             ... invoked by a meliai
              (9 damage)
             ... on level 12 of the Dungeon.
             The game lasted 00:06:45 (10470 turns).

qw the Brawler (Troll Cinder Acolyte)              Turns: 10470, Time: 00:06:46

Health: 0/114      AC:  5    Str: 29    XL:     12   Next: 70%
Magic:  14/14      EV: 11    Int: 10    God:    Okawaru [****..]
Gold:   135        SH: 17    Dex:  9    Spells: 13/13 levels left

rFire   . . .      SeeInvis +     - Unarmed
rCold   + . .      Faith    .   b - +0 kite shield
rNeg    . . .      Spirit   .   l - +0 robe of Ojaheir {Dex+4 SInv}
rPois   .          Reflect  +   (helmet restricted)
rElec   .          Harm     .   h - +0 cloak
rCorr   .          Rampage  .   (gloves unavailable)
Will    .....                   (boots unavailable)
Stlth   +++.......              q - amulet of reflection
HPRegen 1.09/turn               o - ring of protection from cold
MPRegen 0.14/turn               (no ring)

@: about to teleport, heroic, fire susceptible
A: large, unfitting armour, claws 3, regeneration 1, shaggy fur 1, tough skin 1
a: Renounce Religion, Heroism, Finesse


You were on level 12 of the Dungeon.
You worshipped Okawaru.
Okawaru was greatly pleased with you.
You visited 1 branch of the dungeon, and saw 12 of its levels.

You collected 729 gold pieces.
You spent 594 gold pieces at shops.


Innate Abilities, Weirdness & Mutations

You are too large for most types of armour.
You have claws for hands.
Your natural rate of healing is unusually fast.
You are covered in fur. (AC +1)
You have tough skin. (AC +1)


   Skills:
 - Level 6.0(11.0) Fighting
 + Level 4.0(9.0) Throwing
 - Level 2.1(7.1) Armour
 - Level 3.3(8.3) Dodging
 - Level 10.4(15.4) Shields
 - Level 15.0(20.0) Unarmed Combat
 - Level 1.0 Spellcasting
 - Level 2.1 Fire Magic
 + Level 4.9 Invocations


You had 13 spell levels left.
You didn't know any spells.
Your spell library contained the following spells:

 Spells                   Type           Power      Damage    Failure   Level
 Scorch                   Fire           8%         2d5       32%         2

Inventory:

Missiles
 s - 4 boomerangs
 t - 4 large rocks (quivered)
 v - 2 javelins
Armour
 b - a +0 kite shield (worn)
 f - the +2 robe of the Untouchables {Will+++ Int+3 Dex-5}
   (You bought it in a shop on level 11 of the Dungeon)

   Int:       It affects your intelligence (+3).
   Dex:       It affects your dexterity (-5).
   Will:      It greatly increases your willpower.
 h - a +0 cloak (worn)
 i - +0 steam dragon scales
 l - the +0 robe of Ojaheir (worn) {Dex+4 SInv}
   (You bought it in a shop on level 11 of the Dungeon)

   Dex:       It affects your dexterity (+4).
   SInv:      It lets you see invisible.
Jewellery
 d - a ring of see invisible
 o - a ring of protection from cold (left claw)
 p - a ring of ice
 q - an amulet of reflection (around neck)
 u - a ring of see invisible
Scrolls
 e - a scroll of teleportation
 j - 3 scrolls of identify
 k - a scroll of brand weapon
Potions
 a - a potion of resistance
 c - a potion of curing
 g - 4 potions of might
 m - 4 potions of mutation
 n - a potion of haste
 r - a potion of cancellation

Dungeon Overview and Level Annotations

Branches:
Dungeon (12/15)            Temple (0/1) D:6            Lair (0/5) D:11
    Orc (0/2) D:11

Altars:
Ashenzari
Cheibriados
Dithmenos
Gozag
Hepliaklqana
Kikubaaqudgha
Makhleb
Nemelex Xobeh
Okawaru
Sif Muna
Wu Jian
Xom
Zin

Shops:
D:2 :   D:4 !   D:5 [   D:9 (   D:10 ?   D:11 [

Annotations:
D:9 1 runed translucent door, qw's ghost, novice TrCA
D:10 1 runed translucent door, qw's ghost, journeyman TrCA


Message History

Okawaru accepts your kill.
The meliai invokes the aid of its god against you.
Something smites you!
You eviscerate the killer bee!!!
You kill the killer bee!
Okawaru accepts your kill.
The meliai invokes the aid of its god against you.
Something smites you!
You eviscerate the killer bee!!!
You kill the killer bee!
Okawaru accepts your kill.
You claw the meliai!
The meliai is heavily wounded.
The meliai hits you with a +0 hand axe. The meliai stings you.
You eviscerate the meliai!!!
You kill the meliai!
Okawaru accepts your kill.
Your base Throwing skill increases to level 4!
You block the killer bee's attack. The killer bee barely misses you.
The meliai calls down the wrath of its god upon you.
Something smites you!
Items here: %% ) [.
10467 ||| READING 2 scrolls of teleportation.
As you read the scroll of teleportation, it crumbles to dust.
You feel strangely unstable. You block the meliai's attack. x2
The killer bee stings you but does no damage.
The killer bee stings you. The meliai closely misses you. x2
10468 ||| Stepping ~*~*~tactically~*~*~ (outnumbered).
The meliai invokes the aid of its god against you.
Something smites you!
You completely miss the meliai. You block the meliai's attack.
The meliai stings you but does no damage.
You block the killer bee's attack.
You miss the meliai. You block the killer bee's attack.
The meliai mumbles some strange prayers to its god against you.
Something smites you!
You die...

### #.. #.# #####
#.#y%.%.# #.#yy.%!#
#%%yyy..#
#..###y#####
#....y@...#
#####.....# ####.##
## ##..# #. #..##
##.### #.## ##....#
###'###
......########..)..#
#.(..##.....'.#%#.#


You could see a meliai and a killer bee.

Vanquished Creatures
  A centaur warrior (D:11)
  2 two-headed ogres
  A skeletal warrior (D:11)
  A deep elf pyromancer (D:11)
  A cyclops (D:12)
  2 manticores
  5 centaur zombies (D:11)
  An elephant (D:11)
  Joseph (D:8)
  10 centaur skeletons (D:11)
  A komodo dragon (D:9)
  A freezing wraith (D:11)
  An unseen horror (D:12)
  A queen bee (D:12)
  A meliai (D:12)
  Prince Ribbit (D:9)
  A hornet (D:10)
  4 flying skulls (D:11)
  5 shadows
  2 wyverns
  25 yaks
  A vampire (D:9)
  2 fire elementals (D:10)
  8 wraiths
  A basilisk (D:11)
  2 steam dragons
  9 vampire mosquitoes
  2 acid dragons (D:10)
  4 water moccasins
  4 orc warriors
  An ogre (D:4)
  2 black bears
  2 ice beasts (D:6)
  3 centaurs
  2 phantoms
  2 kobold brigands
  2 bullfrogs (D:6)
  A necrophage (D:6)
  2 scorpions (D:5)
  10 wights
  3 troll zombies (D:11)
  15 killer bees
  5 howler monkeys
  A crimson imp (D:8)
  A jelly (D:6)
  A hound (D:7)
  8 orc priests
  An iguana (D:6)
  Jessica (D:2)
  6 orc wizards
  3 ogre zombies (D:11)
  Robin (D:2)
  5 adders
  2 white imps
  2 ufetubi (D:5)
  2 dart slugs
  20 orcs
  3 bats
  4 endoplasms
  3 giant cockroaches
  8 goblins
  12 hobgoblins
  5 jackals
  4 quokkas
  10 ball pythons
  5 frilled lizards
  A goblin skeleton (D:11)
  5 goblin zombies (D:11)
  2 hobgoblin skeletons (D:11)
  3 hobgoblin zombies (D:11)
  13 kobolds
  6 orc zombies (D:11)
  5 rats
294 creatures vanquished.

Vanquished Creatures (others)
  A shadow (D:11)
  A fungus (D:11)
  7 plants
  2 withered plants (D:10)
11 creatures vanquished.

Grand Total: 305 creatures vanquished

Notes
Turn   | Place    | Note
-------+----------+-------------------------------------------
     0 | D:1      | qw the Troll Cinder Acolyte began the quest for the Orb.
     0 | D:1      | Reached XP level 1. HP: 22/22 MP: 1/1
     0 | D:1      | 0 ||| qw: Version: 0.1-a-102-g441f92d
     0 | D:1      | 0 ||| qw: Game counter: 5149
     0 | D:1      | 0 ||| qw: Always use a shield: true
     0 | D:1      | 0 ||| qw: God list: Okawaru
     0 | D:1      | 0 ||| qw: Allow faded altars: false
     0 | D:1      | 0 ||| qw: Do Orc after D:15 true
     0 | D:1      | 0 ||| qw: Do second Lair branch before Depths: true
     0 | D:1      | 0 ||| qw: Lair rune preference: random
     0 | D:1      | 0 ||| qw: Plans: Normal
     0 | D:1      | 0 ||| PLANNING D:1-11
   226 | D:1      | You fall into a shaft and drop 1 floor!
   308 | D:2      | Noticed Jessica
   313 | D:2      | Killed Jessica
   314 | D:2      | Reached skill level 4 in Unarmed Combat
   314 | D:2      | Reached XP level 2. HP: 29/29 MP: 2/2
   314 | D:2      | Reached XP level 3. HP: 36/36 MP: 3/3
   343 | D:2      | Noticed Robin
   353 | D:2      | 353 ||| INVOKING Fiery Armour.
   357 | D:2      | Killed Robin
   451 | D:2      | Reached XP level 4. HP: 44/44 MP: 4/4
   462 | D:2      | Reached skill level 5 in Unarmed Combat
   475 | D:2      | Found Hiclecre's Book Shoppe.
   488 | D:2      | 488 ||| Stepping ~*~*~tactically~*~*~ (stealth).
   661 | D:2      | 661 ||| DROPPING ring of magical power.
   662 | D:2      | 662 ||| READING 3 scrolls labelled BATIXET YGOWN.
   665 | D:2      | 665 ||| READING scroll labelled FUOMIK JYLEY.
   666 | D:2      | 666 ||| READING scroll labelled SEIWIY SIUHAIN.
   667 | D:2      | 667 ||| READING scroll labelled RAWELEANUA.
   668 | D:2      | 668 ||| READING scroll labelled QASIGA ZOUWK.
   669 | D:2      | 669 ||| READING scroll labelled NOOWAM QIJEIN.
   713 | D:1      | 713 ||| Stepping ~*~*~tactically~*~*~ (hiding).
   999 | D:1      | 999 ||| Stepping ~*~*~tactically~*~*~ (stealth).
  1181 | D:1      | 1181 ||| UPGRADING to +0 kite shield.
  1186 | D:1      | 1186 ||| DRINKING 2 blue potions.
  1290 | D:2      | Identified the +9 quarterstaff of Raocatap {antimagic,
                  | *Noise rF++ rN+}
  1401 | D:2      | 1401 ||| UPGRADING to amulet of regeneration.
  1527 | D:3      | Found a sparkling altar of Nemelex Xobeh.
  1527 | D:3      | Found a glowing silver altar of Zin.
  1621 | D:3      | 1621 ||| Stepping ~*~*~tactically~*~*~ (stealth).
  1635 | D:3      | Found a broken altar of Ashenzari.
  1737 | D:3      | Found a shimmering blue altar of Sif Muna.
  1757 | D:3      | Reached skill level 1 in Shields
  2186 | D:3      | 2186 ||| DROPPING scarf of harm.
  2187 | D:3      | 2187 ||| READING 2 scrolls labelled MOMO NAKUQEBBO.
  2188 | D:3      | 2188 ||| DROPPING scroll of butterflies.
  2266 | D:4      | 2266 ||| Stepping ~*~*~tactically~*~*~ (stealth).
  2275 | D:4      | 2275 ||| Stepping ~*~*~tactically~*~*~ (stealth).
  2277 | D:4      | 2277 ||| Stepping ~*~*~tactically~*~*~ (stealth).
  2292 | D:4      | 2292 ||| Stepping ~*~*~tactically~*~*~ (hiding).
  2305 | D:4      | 2305 ||| Stepping ~*~*~tactically~*~*~ (stealth).
  2312 | D:4      | 2312 ||| Stepping ~*~*~tactically~*~*~ (outnumbered).
  2313 | D:4      | 2313 ||| Stepping ~*~*~tactically~*~*~ (outnumbered).
  2352 | D:4      | 2352 ||| Stepping ~*~*~tactically~*~*~ (stealth).
  2354 | D:4      | 2354 ||| Stepping ~*~*~tactically~*~*~ (hiding).
  2358 | D:4      | 2358 ||| Stepping ~*~*~tactically~*~*~ (outnumbered).
  2360 | D:4      | Reached XP level 5. HP: 50/50 MP: 5/5
  2366 | D:4      | 2366 ||| DRINKING 3 potions of curing.
  2366 | D:4      | 2366 ||| (to cure confusion)
  2371 | D:4      | Noticed an ogre
  2380 | D:4      | 2380 ||| INVOKING Fiery Armour.
  2384 | D:4      | Killed an ogre
  2385 | D:4      | Reached skill level 3 in Shields
  2390 | D:4      | Reached XP level 6. HP: 53/59 MP: 6/6
  2410 | D:4      | 2410 ||| DRINKING 2 potions of curing.
  2410 | D:4      | 2410 ||| (to cure confusion)
  2411 | D:4      | 2411 ||| Stepping ~*~*~tactically~*~*~ (outnumbered).
  2463 | D:4      | 2463 ||| Stepping ~*~*~tactically~*~*~ (stealth).
  2526 | D:4      | 2526 ||| DRINKING potion of curing.
  2526 | D:4      | 2526 ||| (to cure confusion)
  2534 | D:4      | Reached skill level 6 in Unarmed Combat
  2711 | D:4      | Found Simpeh's Distillery.
  2719 | D:4      | 2719 ||| BUYING potion of might (48 gold).
  2719 | D:4      | Bought a potion of might for 48 gold pieces
  2719 | D:4      | 2719 ||| BUYING potion of mutation (96 gold).
  2719 | D:4      | Bought a potion of mutation for 96 gold pieces
  2719 | D:4      | 2719 ||| SHOPLISTING potion of resistance (120 gold, have
                  | 57).
  2768 | D:4      | Found a shimmering altar of Xom.
  2822 | D:4      | 2822 ||| UPGRADING to +0 cloak.
  2827 | D:4      | 2827 ||| READING scroll labelled TOUPOI POFUPT.
  2852 | D:5      | Entered Level 5 of the Dungeon
  2967 | D:5      | Found a shadowy altar of Dithmenos.
  2995 | D:5      | Found Bausegac's Armour Boutique.
  3006 | D:5      | 3006 ||| SHOPLISTING +1 robe of the Wasteland {rF+ rCorr
                  | Str+3} (347 gold, have 89).
  3132 | D:5      | Reached XP level 7. HP: 66/66 MP: 7/7
  3492 | D:5      | 3492 ||| DROPPING ring of wizardry.
  3493 | D:5      | 3493 ||| READING scroll labelled FONAXU HYAVE.
  3494 | D:5      | 3494 ||| READING scroll labelled QUOKHOL YTWIAN.
  3595 | D:5      | 3595 ||| READING 3 scrolls of identify.
  3595 | D:5      | 3595 ||| IDENTIFYING purple potion
  3628 | D:6      | Found a staircase to the Ecumenical Temple.
  3783 | D:6      | Reached skill level 7 in Unarmed Combat
  3814 | D:6      | Found an iron altar of Okawaru.
  4061 | D:6      | Reached XP level 8. HP: 74/74 MP: 8/8
  4068 | D:6      | 4068 ||| DROPPING amulet of magic regeneration.
  4069 | D:6      | 4069 ||| UPGRADING to amulet of reflection.
  4079 | D:6      | 4079 ||| DROPPING amulet of regeneration.
  4080 | D:6      | 4080 ||| READING scroll labelled OXOWUO WOLE.
  4081 | D:6      | 4081 ||| READING scroll labelled QUMI YFADI.
  4106 | D:7      | Reached skill level 6 in Shields
  4193 | D:7      | Reached skill level 1 in Throwing
  4272 | D:7      | 4272 ||| INVOKING Fiery Armour.
  4273 | D:7      | Reached skill level 8 in Unarmed Combat
  4352 | D:7      | Reached skill level 3 in Fighting
  4534 | D:7      | 4534 ||| Stepping ~*~*~tactically~*~*~ (outnumbered).
  4535 | D:7      | 4535 ||| Stepping ~*~*~tactically~*~*~ (hiding).
  4537 | D:7      | 4537 ||| Stepping ~*~*~tactically~*~*~ (outnumbered).
  4538 | D:7      | 4538 ||| Stepping ~*~*~tactically~*~*~ (outnumbered).
  4539 | D:7      | 4539 ||| Stepping ~*~*~tactically~*~*~ (outnumbered).
  4542 | D:7      | 4542 ||| Stepping ~*~*~tactically~*~*~ (outnumbered).
  4552 | D:7      | 4552 ||| INVOKING Fiery Armour.
  4556 | D:7      | 4556 ||| DRINKING 2 potions of curing.
  4556 | D:7      | 4556 ||| (to cure confusion)
  4947 | D:7      | 4947 ||| DROPPING scarf of invisibility.
  4948 | D:7      | 4948 ||| DROPPING scarf of shadows.
  4949 | D:7      | 4949 ||| READING 2 scrolls of identify.
  4949 | D:7      | 4949 ||| IDENTIFYING fizzy inky potion
  4992 | D:8      | Reached skill level 9 in Unarmed Combat
  5011 | D:8      | Found a snail-covered altar of Cheibriados.
  5016 | D:8      | 5016 ||| Stepping ~*~*~tactically~*~*~ (stealth).
  5024 | D:8      | 5024 ||| Stepping ~*~*~tactically~*~*~ (stealth).
  5031 | D:8      | Reached XP level 9. HP: 56/81 MP: 9/9
  5035 | D:8      | 5035 ||| INVOKING Fiery Armour.
  5092 | D:8      | 5092 ||| READING 4 scrolls of teleportation.
  5095 | D:8      | Found a hazy altar of Hepliaklqana.
  5099 | D:8      | Reached skill level 1 in Dodging
  5116 | D:8      | Reached skill level 10 in Unarmed Combat
  5207 | D:8      | Noticed Joseph
  5208 | D:8      | 5208 ||| Stepping ~*~*~tactically~*~*~ (hiding).
  5220 | D:8      | Killed Joseph
  5250 | D:8      | Found an opulent altar of Gozag.
  5298 | D:8      | 5298 ||| INVOKING Fiery Armour.
  5474 | D:8      | Found a burning altar of Makhleb.
  5537 | D:8      | Found an ancient bone altar of Kikubaaqudgha.
  5814 | D:8      | 5814 ||| UPGRADING to +0 steam dragon scales.
  5824 | D:8      | 5824 ||| DROPPING +0 robe.
  5825 | D:8      | 5825 ||| UPGRADING to ring of protection from cold.
  5826 | D:8      | 5826 ||| READING 2 scrolls of identify.
  5826 | D:8      | 5826 ||| IDENTIFYING ruby potion
  5827 | D:8      | 5827 ||| DROPPING potion of magic.
  5865 | D:9      | Noticed Prince Ribbit
  5878 | D:9      | Killed Prince Ribbit
  5879 | D:9      | Reached skill level 1 in Armour
  5879 | D:9      | Reached XP level 10. HP: 84/92 MP: 10/10
  5909 | D:9      | 5909 ||| Stepping ~*~*~tactically~*~*~ (outnumbered).
  6021 | D:9      | 6021 ||| Stepping ~*~*~tactically~*~*~ (stealth).
  6025 | D:9      | 6025 ||| Stepping ~*~*~tactically~*~*~ (stealth).
  6028 | D:9      | 6028 ||| Stepping ~*~*~tactically~*~*~ (stealth).
  6029 | D:9      | 6029 ||| Stepping ~*~*~tactically~*~*~ (stealth).
  6035 | D:9      | 6035 ||| Stepping ~*~*~tactically~*~*~ (stealth).
  6078 | D:9      | Found Cioxzuw's Antique Weapon Boutique.
  6284 | D:9      | Reached skill level 11 in Unarmed Combat
  6306 | D:9      | Found an ornate altar of the Wu Jian Council.
  6447 | D:9      | 6447 ||| Stepping ~*~*~tactically~*~*~ (hiding).
  6448 | D:9      | 6448 ||| Stepping ~*~*~tactically~*~*~ (hiding).
  6520 | D:9      | 6520 ||| Stepping ~*~*~tactically~*~*~ (stealth).
  6523 | D:9      | 6523 ||| Stepping ~*~*~tactically~*~*~ (stealth).
  6525 | D:9      | Reached skill level 9 in Shields
  6525 | D:9      | 6525 ||| Stepping ~*~*~tactically~*~*~ (stealth).
  6526 | D:9      | Noticed a two-headed ogre
  6527 | D:9      | 6527 ||| Stepping ~*~*~tactically~*~*~ (stealth).
  6538 | D:9      | 6538 ||| INVOKING Fiery Armour.
  6539 | D:9      | HP: 15/85 [two-headed ogre/+0 giant club (8)]
  6540 | D:9      | 6540 ||| READING 4 scrolls of teleportation.
  6540 | D:9      | HP: 3/85 [wight/+3 scimitar (13)]
  6540 | D:9      | HP: 1/82 [wight/+3 scimitar (2)]
  6541 | D:9      | 6541 ||| DRINKING 4 potions of heal wounds.
  6542 | D:9      | 6542 ||| DRINKING 3 potions of heal wounds.
  6543 | D:9      | Killed a two-headed ogre
  6641 | D:9      | Found a runed translucent door.
  6641 | D:9      | Noticed qw's ghost (novice TrCA)
  6693 | D:9      | 6693 ||| Stepping ~*~*~tactically~*~*~ (stealth).
  6697 | D:9      | 6697 ||| Stepping ~*~*~tactically~*~*~ (stealth).
  6724 | D:9      | 6724 ||| Stepping ~*~*~tactically~*~*~ (hiding).
  6725 | D:9      | 6725 ||| Stepping ~*~*~tactically~*~*~ (hiding).
  6735 | D:9      | Reached skill level 3 in Throwing
  6895 | D:9      | 6895 ||| DROPPING ring of flight.
  6907 | D:10     | Entered Level 10 of the Dungeon
  6942 | D:10     | Reached skill level 12 in Unarmed Combat
  6971 | D:10     | Found Zayt's Magic Scroll Shoppe.
  6974 | D:10     | 6974 ||| FLEEEEING.
  6975 | D:10     | 6975 ||| FLEEEEING.
  6976 | D:10     | 6976 ||| FLEEEEING.
  6982 | D:10     | 6982 ||| FLEEEEING.
  6983 | D:10     | 6983 ||| FLEEEEING.
  6984 | D:10     | 6984 ||| FLEEEEING.
  6986 | D:10     | 6986 ||| FLEEEEING.
  6987 | D:10     | 6987 ||| INVOKING Fiery Armour.
  6989 | D:10     | 6989 ||| Stepping ~*~*~tactically~*~*~ (hiding).
  6991 | D:10     | 6991 ||| FLEEEEING.
  6992 | D:10     | 6992 ||| FLEEEEING.
  6993 | D:10     | 6993 ||| FLEEEEING.
  6994 | D:10     | 6994 ||| FLEEEEING.
  6995 | D:10     | 6995 ||| FLEEEEING.
  6996 | D:10     | 6996 ||| FLEEEEING.
  6997 | D:10     | 6997 ||| FLEEEEING.
  6998 | D:10     | 6998 ||| FLEEEEING.
  6999 | D:10     | 6999 ||| FLEEEEING.
  7000 | D:10     | 7000 ||| FLEEEEING.
  7001 | D:10     | 7001 ||| FLEEEEING.
  7002 | D:10     | 7002 ||| FLEEEEING.
  7003 | D:10     | 7003 ||| FLEEEEING.
  7004 | D:10     | 7004 ||| FLEEEEING.
  7005 | D:10     | 7005 ||| FLEEEEING.
  7006 | D:10     | 7006 ||| FLEEEEING.
  7007 | D:10     | 7007 ||| FLEEEEING.
  7008 | D:10     | 7008 ||| FLEEEEING.
  7009 | D:10     | 7009 ||| FLEEEEING.
  7010 | D:10     | 7010 ||| STAIRDANCE
  7042 | D:10     | 7042 ||| STAIRDANCE
  7070 | D:10     | Noticed a two-headed ogre
  7071 | D:10     | 7071 ||| STAIRDANCE
  7158 | D:10     | 7158 ||| INVOKING Fiery Armour.
  7160 | D:10     | Killed a two-headed ogre
  7161 | D:10     | Reached XP level 11. HP: 39/102 MP: 11/11
  7161 | D:10     | 7161 ||| STAIRDANCE
  7242 | D:10     | 7242 ||| Stepping ~*~*~tactically~*~*~ (hiding).
  7382 | D:10     | Found a runed translucent door.
  7382 | D:10     | Noticed qw's ghost (journeyman TrCA)
  7414 | D:10     | 7414 ||| FLEEEEING.
  7415 | D:10     | 7415 ||| FLEEEEING.
  7416 | D:10     | 7416 ||| FLEEEEING.
  7417 | D:10     | 7417 ||| FLEEEEING.
  7418 | D:10     | 7418 ||| FLEEEEING.
  7419 | D:10     | 7419 ||| FLEEEEING.
  7420 | D:10     | 7420 ||| FLEEEEING.
  7421 | D:10     | 7421 ||| FLEEEEING.
  7422 | D:10     | 7422 ||| FLEEEEING.
  7423 | D:10     | 7423 ||| FLEEEEING.
  7424 | D:10     | 7424 ||| FLEEEEING.
  7425 | D:10     | 7425 ||| FLEEEEING.
  7426 | D:10     | 7426 ||| FLEEEEING.
  7432 | D:10     | 7432 ||| FLEEEEING.
  7438 | D:10     | 7438 ||| FLEEEEING.
  7439 | D:10     | 7439 ||| FLEEEEING.
  7440 | D:10     | 7440 ||| FLEEEEING.
  7441 | D:10     | 7441 ||| FLEEEEING.
  7448 | D:10     | 7448 ||| INVOKING Fiery Armour.
  7557 | D:10     | 7557 ||| Stepping ~*~*~tactically~*~*~ (outnumbered).
  7590 | D:10     | 7590 ||| Stepping ~*~*~tactically~*~*~ (stealth).
  7676 | D:10     | 7676 ||| Stepping ~*~*~tactically~*~*~ (hiding).
  7683 | D:10     | 7683 ||| INVOKING Fiery Armour.
  7873 | D:10     | 7873 ||| SHOPLISTING scroll of acquirement (728 gold, have
                  | 443).
  7873 | D:10     | 7873 ||| BUYING scroll of identify (28 gold).
  7873 | D:10     | Bought a scroll of identify for 28 gold pieces
  7873 | D:10     | 7873 ||| BUYING scroll of identify (28 gold).
  7873 | D:10     | Bought a scroll of identify for 28 gold pieces
  7873 | D:10     | 7873 ||| BUYING scroll of teleportation (42 gold).
  7873 | D:10     | Bought a scroll of teleportation for 42 gold pieces
  8063 | D:10     | Identified the +3 flail of Impeachment {venom, *Noise rPois
                  | rC+ rCorr}
  8095 | D:10     | 8095 ||| READING 5 scrolls of identify.
  8095 | D:10     | 8095 ||| IDENTIFYING puce potion
  8096 | D:10     | 8096 ||| READING 4 scrolls of identify.
  8096 | D:10     | 8096 ||| IDENTIFYING yellow potion
  8097 | D:10     | 8097 ||| READING 3 scrolls of identify.
  8097 | D:10     | 8097 ||| IDENTIFYING murky orange potion
  8098 | D:10     | 8098 ||| DROPPING potion of berserk rage.
  8120 | D:11     | 8120 ||| FLEEEEING.
  8121 | D:11     | 8121 ||| FLEEEEING.
  8122 | D:11     | 8122 ||| STAIRDANCE
  8259 | D:11     | 8259 ||| Stepping ~*~*~tactically~*~*~ (hiding).
  8262 | D:11     | 8262 ||| INVOKING Fiery Armour.
  8266 | D:11     | 8266 ||| Stepping ~*~*~tactically~*~*~ (hiding).
  8280 | D:11     | Noticed a centaur warrior
  8284 | D:11     | Reached skill level 13 in Unarmed Combat
  8320 | D:11     | HP: 25/102 [yak (2)]
  8321 | D:11     | 8321 ||| READING 4 scrolls of teleportation.
  8322 | D:11     | 8322 ||| DRINKING 2 potions of heal wounds.
  8324 | D:11     | 8324 ||| DRINKING potion of heal wounds.
  8352 | D:11     | Noticed a deep elf pyromancer
  8353 | D:11     | 8353 ||| Stepping ~*~*~tactically~*~*~ (stealth).
  8362 | D:11     | 8362 ||| Stepping ~*~*~tactically~*~*~ (hiding).
  8365 | D:11     | 8365 ||| Stepping ~*~*~tactically~*~*~ (hiding).
  8371 | D:11     | Killed a deep elf pyromancer
  8406 | D:11     | 8406 ||| PLANNING CONVERSION TO OKAWARU
  8451 | D:11     | 8451 ||| Stepping ~*~*~tactically~*~*~ (outnumbered).
  8452 | D:11     | 8452 ||| Stepping ~*~*~tactically~*~*~ (outnumbered).
  8453 | D:11     | 8453 ||| Stepping ~*~*~tactically~*~*~ (outnumbered).
  8454 | D:11     | 8454 ||| Stepping ~*~*~tactically~*~*~ (outnumbered).
  8454 | D:11     | HP: 24/102 [orc/+3 dagger (4)]
  8455 | D:11     | 8455 ||| READING 4 scrolls of teleportation.
  8456 | D:11     | 8456 ||| Stepping ~*~*~tactically~*~*~ (outnumbered).
  8457 | D:11     | 8457 ||| Stepping ~*~*~tactically~*~*~ (outnumbered).
  8458 | D:11     | 8458 ||| Stepping ~*~*~tactically~*~*~ (outnumbered).
  8459 | D:11     | 8459 ||| Stepping ~*~*~tactically~*~*~ (outnumbered).
  8468 | D:11     | Killed a centaur warrior
  8469 | D:11     | 8469 ||| Stepping ~*~*~tactically~*~*~ (outnumbered).
  8470 | D:11     | 8470 ||| Stepping ~*~*~tactically~*~*~ (outnumbered).
  8471 | D:11     | 8471 ||| Stepping ~*~*~tactically~*~*~ (outnumbered).
  8473 | D:11     | 8473 ||| Stepping ~*~*~tactically~*~*~ (outnumbered).
  8480 | D:11     | 8480 ||| Stepping ~*~*~tactically~*~*~ (outnumbered).
  8486 | D:11     | 8486 ||| Stepping ~*~*~tactically~*~*~ (outnumbered).
  8510 | D:11     | Noticed a skeletal warrior
  8511 | D:11     | Noticed a skeletal warrior
  8514 | D:11     | HP: 24/102 [yak (12)]
  8515 | D:11     | 8515 ||| READING 3 scrolls of teleportation.
  8519 | D:11     | HP: 18/102 [manticore (1)]
  8521 | D:11     | 8521 ||| PLANNING D:1-11
  8568 | D:11     | 8568 ||| Stepping ~*~*~tactically~*~*~ (stealth).
  8569 | D:11     | 8569 ||| Stepping ~*~*~tactically~*~*~ (stealth).
  8571 | D:11     | 8571 ||| FLEEEEING.
  8576 | D:11     | 8576 ||| STAIRDANCE
  8678 | D:9      | 8678 ||| Stepping ~*~*~tactically~*~*~ (stealth).
  8679 | D:9      | 8679 ||| Stepping ~*~*~tactically~*~*~ (stealth).
  8826 | D:5      | 8826 ||| READING 2 scrolls of teleportation.
  8855 | D:6      | 8855 ||| READING scroll of teleportation.
  8856 | D:6      | 8856 ||| STAIRDANCE
  8905 | D:7      | 8905 ||| Stepping randomly (stuck).
  8906 | D:7      | 8906 ||| PLANNING CONVERSION TO OKAWARU
  8938 | D:6      | 8938 ||| PLANNING D:1-11
  8964 | D:5      | 8964 ||| Stepping randomly (stuck).
  8968 | D:6      | 8968 ||| Stepping randomly (stuck).
  8969 | D:6      | 8969 ||| PLANNING CONVERSION TO OKAWARU
  8994 | D:6      | Fell from the grace of Ignis
  8994 | D:6      | Became a worshipper of Warmaster Okawaru
  8995 | D:6      | 8995 ||| PLANNING D:1-11
  9021 | D:5      | 9021 ||| Stepping randomly (stuck).
  9038 | D:7      | 9038 ||| Stepping randomly (stuck).
  9130 | D:11     | 9130 ||| Stepping ~*~*~tactically~*~*~ (stealth).
  9137 | D:11     | 9137 ||| Stepping ~*~*~tactically~*~*~ (outnumbered).
  9138 | D:11     | 9138 ||| Stepping ~*~*~tactically~*~*~ (hiding).
  9140 | D:11     | 9140 ||| Stepping ~*~*~tactically~*~*~ (hiding).
  9141 | D:11     | 9141 ||| STAIRDANCE
  9210 | D:11     | 9210 ||| STAIRDANCE
  9253 | D:11     | 9253 ||| STAIRDANCE
  9340 | D:11     | 9340 ||| STAIRDANCE
  9396 | D:11     | Reached * piety under Okawaru
  9397 | D:11     | Reached skill level 14 in Unarmed Combat
  9402 | D:11     | 9402 ||| STAIRDANCE
  9450 | D:11     | Reached skill level 1 in Invocations
  9464 | D:11     | 9464 ||| INVOKING Heroism.
  9471 | D:11     | 9471 ||| Stepping ~*~*~tactically~*~*~ (outnumbered).
  9473 | D:11     | 9473 ||| Stepping ~*~*~tactically~*~*~ (outnumbered).
  9474 | D:11     | 9474 ||| Stepping ~*~*~tactically~*~*~ (outnumbered).
  9479 | D:11     | 9479 ||| INVOKING Heroism.
  9480 | D:11     | Killed a skeletal warrior
  9531 | D:11     | 9531 ||| INVOKING Heroism.
  9532 | D:11     | Reached ** piety under Okawaru
  9549 | D:11     | 9549 ||| INVOKING Heroism.
  9614 | D:11     | Reached XP level 12. HP: 113/113 MP: 11/13
  9627 | D:11     | Reached skill level 3 in Invocations
  9637 | D:11     | Reached skill level 6 in Fighting
  9648 | D:11     | Found Voura's Antique Armour Emporium.
  9657 | D:11     | 9657 ||| BUYING colourful robe (176 gold).
  9657 | D:11     | Bought a colourful robe for 176 gold pieces
  9657 | D:11     | Identified the +2 robe of the Untouchables {Will+++ Int+3
                  | Dex-5} (You bought it in a shop on level 11 of the Dungeon)
  9657 | D:11     | 9657 ||| SHOPLISTING faintly humming cloak (294 gold, have
                  | 210).
  9657 | D:11     | 9657 ||| BUYING ichor-stained robe (176 gold).
  9657 | D:11     | Bought an ichor-stained robe for 176 gold pieces
  9657 | D:11     | Identified the +0 robe of Ojaheir {Dex+4 SInv} (You bought
                  | it in a shop on level 11 of the Dungeon)
  9667 | D:11     | 9667 ||| Stepping ~*~*~tactically~*~*~ (stealth).
  9677 | D:11     | 9677 ||| Stepping ~*~*~tactically~*~*~ (outnumbered).
  9679 | D:11     | 9679 ||| Stepping ~*~*~tactically~*~*~ (outnumbered).
  9680 | D:11     | 9680 ||| Stepping ~*~*~tactically~*~*~ (outnumbered).
  9682 | D:11     | 9682 ||| Stepping ~*~*~tactically~*~*~ (outnumbered).
  9684 | D:11     | 9684 ||| Stepping ~*~*~tactically~*~*~ (outnumbered).
  9694 | D:11     | 9694 ||| Stepping ~*~*~tactically~*~*~ (stealth).
  9710 | D:11     | Reached *** piety under Okawaru
  9848 | D:11     | Found a staircase to the Lair.
  9860 | D:11     | 9860 ||| Stepping ~*~*~tactically~*~*~ (stealth).
  9861 | D:11     | 9861 ||| Stepping ~*~*~tactically~*~*~ (stealth).
  9873 | D:11     | 9873 ||| Stepping ~*~*~tactically~*~*~ (hiding).
  9875 | D:11     | 9875 ||| INVOKING Heroism.
  9882 | D:11     | 9882 ||| Stepping ~*~*~tactically~*~*~ (outnumbered).
  9885 | D:11     | 9885 ||| Stepping ~*~*~tactically~*~*~ (outnumbered).
  9939 | D:11     | 9939 ||| INVOKING Heroism.
  9958 | D:11     | 9958 ||| FLEEEEING.
  9968 | D:11     | 9968 ||| STAIRDANCE
  9998 | D:10     | 9998 ||| UPGRADING to +0 robe of Ojaheir {Dex+4 SInv}.
 10036 | D:11     | 10036 ||| INVOKING Heroism.
 10083 | D:11     | 10083 ||| INVOKING Heroism.
 10091 | D:11     | 10091 ||| Stepping ~*~*~tactically~*~*~ (outnumbered).
 10095 | D:11     | 10095 ||| Stepping ~*~*~tactically~*~*~ (outnumbered).
 10096 | D:11     | 10096 ||| Stepping ~*~*~tactically~*~*~ (outnumbered).
 10098 | D:11     | Reached skill level 15 in Unarmed Combat
 10099 | D:11     | 10099 ||| Stepping ~*~*~tactically~*~*~ (outnumbered).
 10265 | D:11     | 10265 ||| Stepping ~*~*~tactically~*~*~ (stealth).
 10266 | D:11     | 10266 ||| Stepping ~*~*~tactically~*~*~ (stealth).
 10268 | D:11     | 10268 ||| Stepping ~*~*~tactically~*~*~ (stealth).
 10270 | D:11     | 10270 ||| Stepping ~*~*~tactically~*~*~ (stealth).
 10271 | D:11     | 10271 ||| Stepping ~*~*~tactically~*~*~ (stealth).
 10289 | D:11     | Found a staircase to the Orcish Mines.
 10290 | D:11     | You fall into a shaft and drop 1 floor!
 10297 | D:12     | 10297 ||| PLANNING GAUNTLET
 10308 | D:12     | Reached **** piety under Okawaru
 10309 | D:12     | Reached skill level 3 in Dodging
 10449 | D:12     | 10449 ||| INVOKING Heroism.
 10460 | D:12     | 10460 ||| Stepping ~*~*~tactically~*~*~ (outnumbered).
 10466 | D:12     | HP: 20/114 [meliai/divine providence (12)]
 10467 | D:12     | 10467 ||| READING 2 scrolls of teleportation.
 10468 | D:12     | 10468 ||| Stepping ~*~*~tactically~*~*~ (outnumbered).
 10468 | D:12     | HP: 7/114 [meliai/divine providence (12)]
 10470 | D:12     | Killed from afar by a meliai

Levels and vault maps discovered:
D:1:      minmay_arrival_semitransparent, layout_loops_ring
D:2:      layout_basic, serial_shops, nicolae_shop_statue_plus, uniq_robin,
          uniq_jessica
D:3:      layout_loops_ring, lemuel_tele_altar, lemuel_coloured_pillars_altar,
          gammafunk_temple_overflow_elements, minmay_liquid_box,
          amethyst_killhole
D:4:      layout_rooms, mainiacjoe_overflow_24_doors, serial_shops,
          nicolae_shop_crystal
D:5:      layout_rooms, lemuel_doored_altar, serial_shops, shop,
          eino_tiny_chamber, chequers_big_river
D:6:      layout_cave_pools, lemuel_round_altar, minmay_temple_entry_waves,
          chequers_jeans, corner_web_ring, kennysheep_generic_room_14
D:7:      layout_loops_cross
D:8:      layout_basic, kiku_gazebo_garden_becter, makhleb_grotto_becter,
          mainiacjoe_overflow_alcove_1, mainiacjoe_overflow_brackets,
          nicolae_gozag_seed_capital, uniq_joseph
D:9:      layout_basic, hellmonk_ghost_big_iron, serial_shops,
          nicolae_shop_hallway_stairs, kennysheep_small_circle, uniq_erolcha,
          uniq_prince_ribbit1
D:10:     layout_gridville, gammafunk_ghost_grave, nicolae_stop_n_shop_2
D:11:     hangedman_screamer, layout_cross, david_lair_generic,
          zombieorc1_lemuel, serial_shops, kennysheep_mini_moat,
          minmay_diamond_spiral
D:12:     layout_roguey, special_room [special_room_bee],
          gauntlet_entry_generic, nemelex_diamond_rough_becter

Skill      XL: |  1  2  3  4  5  6  7  8  9 10 11 12 |
---------------+-------------------------------------+-----
Unarmed Combat | 4 5 6 7 9 10 12 14 15 | 15.0
Shields        | 1 3 4 5 6 8 9 10 | 10.4
Throwing       | 2 3 4 |  4.0
Fighting       | 3 4 5 6 |  6.0
Dodging        | 1 3 |  3.3
Armour         | 1 2 |  2.1
Invocations    | 2 4 |  4.9
Spellcasting   | |  1.0
Fire Magic     | |  2.1

Action                   |  1- 3 |  4- 6 |  7- 9 | 10-12 || total
-------------------------+-------+-------+-------+-------++-------
Melee: Unarmed           |    45 |   191 |   190 |   523 ||   949
       Punch             |     1 |     1 |       |       ||     2
Throw: Boomerang         |       |     4 |    16 |    77 ||    97
       Javelin           |       |       |    13 |    29 ||    42
       Large rock        |       |       |       |     2 ||     2
Invok: Fiery Armour      |     1 |     1 |     4 |     6 ||    12
       Heroism           |       |       |       |     9 ||     9
  Use: Scroll            |       |     8 |     8 |    10 ||    26
       Potion            |       |     4 |     1 |     4 ||     9
Armor: Robe              |    15 |    44 |    36 |     6 ||   101
       Steam dragon scal |       |       |     1 |   176 ||   177
Dodge: Dodged            |    13 |    55 |    42 |   155 ||   265
Block: Kite shield       |       |    39 |    97 |   409 ||   545
       Reflection        |       |       |       |     9 ||     9

Table legend:
 A = Non-vault XP
 B = Vault XP
 C = Vault XP percentage of total XP
 D = Non-vault monster count
 E = Vault monster count
 F = Vault count percentage of total count
                 A         B        C        D         E       F
            +---------+---------+-------+---------+---------+-------
      Total |   16881 |   16341 |  49.2 |     205 |      88 |  30.0
            +---------+---------+-------+---------+---------+-------
        D:1 |      27 |       0 |   0.0 |      16 |       0 |   0.0
        D:2 |      47 |      66 |  58.4 |      19 |       9 |  32.1
        D:3 |      22 |       0 |   0.0 |      13 |       0 |   0.0
        D:4 |     464 |       0 |   0.0 |      29 |       0 |   0.0
        D:5 |     206 |       0 |   0.0 |       6 |       0 |   0.0
        D:6 |     518 |      85 |  14.1 |       6 |       1 |  14.3
        D:7 |    1036 |       0 |   0.0 |      13 |       0 |   0.0
        D:8 |    2512 |     485 |  16.2 |      21 |       2 |   8.7
        D:9 |    3473 |     735 |  17.5 |      30 |       4 |  11.8
       D:10 |    2529 |     281 |  10.0 |      17 |       2 |  10.5
       D:11 |    3567 |   13782 |  79.4 |      26 |      63 |  70.8
       D:12 |    2480 |     907 |  26.8 |       9 |       7 |  43.8
            +---------+---------+-------+---------+---------+-------
